TOP OF THE 1ST |
Wisconsin Rapids Rangers batting - Pitching for Lee's Summit Tigers : RHP Josse Teves
|
Pitching: RHP Josse Teves
|
|
Batting: LHB Alberto Varela
|
0-0: Fly out, F8 (Line Drive, 78M)
|
Batting: LHB Javier Mejía
|
0-0: Ball 1-0: Fly out, F3 (Line Drive, 3S)
|
Batting: LHB Luis Rodríguez
|
0-0: Ball 1-0: Fly out, F4 (Line Drive, 4)
|
Top of the 1st over - 0 run(s), 0 hit(s), 0 error(s), 0 left on base; Wisconsin Rapids 0 - Lee's Summit 0 |
BOTTOM OF THE 1ST |
Lee's Summit Tigers batting - Pitching for Wisconsin Rapids Rangers : RHP Juan Contreras
|
Pitching: RHP Juan Contreras
|
|
Batting: RHB Jesús Ramos
|
0-0: Fly out, F9 (Flyball, 89S)
|
Batting: LHB Darren Holland
|
0-0: Ground out 4-3 (Groundball, 4)
|
Batting: LHB Milo Powers
|
0-0: Ball 1-0: Called Strike 1-1: Foul Ball, location: 2F 1-2: Ball 2-2: Ball 3-2: Foul Ball, location: 2F 3-2: Fly out, F8 (Flyball, 8RM)
|
Bottom of the 1st over - 0 run(s), 0 hit(s), 0 error(s), 0 left on base; Wisconsin Rapids 0 - Lee's Summit 0 |
TOP OF THE 2ND |
Wisconsin Rapids Rangers batting - Pitching for Lee's Summit Tigers : RHP Josse Teves
|
Batting: LHB Ronald Gordon
|
0-0: Ball 1-0: Foul Ball, location: 2F 1-1: SINGLE (Groundball, 6D)
|
Batting: SHB Jacob Wilcox
|
0-0: Ball 1-0: Called Strike 1-1: Ball 2-1: Fielders Choice at 2nd, 5-4 (Groundball, 5)
|
Batting: LHB Jean-Sébastien Beaudin
|
0-0: Ball 1-0: SINGLE (Line Drive, 89S) Jacob Wilcox to second
|
Batting: LHB Ángelo Lara
|
0-0: Called Strike 0-1: Ball 1-1: Ball 2-1: TRIPLE (Flyball, 89XD) Jacob Wilcox scores Jean-Sébastien Beaudin scores
|
Batting: RHB Carlos Miranda
|
0-0: Ball 1-0: Ball 2-0: Foul Ball, location: 2F 2-1: Ball 3-1: Swinging Strike 3-2: Base on Balls
|
Batting: RHB Luis López
|
0-0: Ball Wild Pitch! Ángelo Lara scores Carlos Miranda to second 1-0: Ball Passed Ball! Carlos Miranda to third 2-0: 2-RUN HOME RUN (Flyball, 7D), Distance : 346 ft
|
Batting: LHB Alberto Varela
|
0-0: Foul Ball, location: 2F 0-1: SINGLE (Groundball, 3D)
|
Batting: LHB Javier Mejía
|
0-0: Called Strike 0-1: Called Strike 0-2: Foul Ball, location: 2F 0-2: Ball 1-2: Foul Ball, location: 2F 1-2: Strikes out swinging
|
Batting: LHB Luis Rodríguez
|
0-0: Ball Alberto Varela steals 2nd base 1-0: Ball 2-0: Ball 3-0: Base on Balls
|
Batting: LHB Ronald Gordon
|
0-0: Called Strike 0-1: Swinging Strike 0-2: Ball 1-2: Foul Ball, location: 2F 1-2: Strikes out looking
|
Top of the 2nd over - 5 run(s), 5 hit(s), 0 error(s), 2 left on base; Wisconsin Rapids 5 - Lee's Summit 0 |
BOTTOM OF THE 2ND |
Lee's Summit Tigers batting - Pitching for Wisconsin Rapids Rangers : RHP Juan Contreras
|
Batting: SHB Juan Glaviz
|
0-0: Ball 1-0: Ball 2-0: Ball 3-0: Called Strike 3-1: Base on Balls
|
Batting: RHB Michael Hall
|
0-0: Ball 1-0: Called Strike 1-1: Ball 2-1: Ball Wild Pitch! Juan Glaviz to second 3-1: Base on Balls
|
Batting: RHB Steven Wright
|
0-0: Ball 1-0: Called Strike 1-1: Ball 2-1: Foul Ball, location: 2F 2-2: Foul Ball, location: 2F 2-2: Ball 3-2: Fielders Choice at 2nd, 1-4 (Groundball, 15S) Juan Glaviz to third
|
Batting: RHB Kyle Baylor
|
0-0: Called Strike 0-1: Called Strike 0-2: Ball 1-2: Ball 2-2: Foul Ball, location: 2F 2-2: Ground out 5-3 (Groundball, 56S) Juan Glaviz scores Steven Wright to second
|
Batting: RHB Hubert MacDonald
|
0-0: Called Strike 0-1: Swinging Strike 0-2: Foul Ball, location: 2F 0-2: Ball 1-2: Foul Ball, location: 2F 1-2: Ball 2-2: Ground out 5-3 (Groundball, 5L)
|
Bottom of the 2nd over - 1 run(s), 0 hit(s), 0 error(s), 1 left on base; Wisconsin Rapids 5 - Lee's Summit 1 |
TOP OF THE 3RD |
Wisconsin Rapids Rangers batting - Pitching for Lee's Summit Tigers : RHP Josse Teves
|
Batting: SHB Jacob Wilcox
|
0-0: Ball 1-0: Called Strike 1-1: Ball 2-1: Foul Ball, location: 2F 2-2: Strikes out swinging
|
Batting: LHB Jean-Sébastien Beaudin
|
0-0: Ball 1-0: Foul Ball, location: 2F 1-1: Ball 2-1: SINGLE (Line Drive, 9LS)
|
Batting: LHB Ángelo Lara
|
0-0: Ball Jean-Sébastien Beaudin steals 2nd base 1-0: Called Strike 1-1: Ball 2-1: Swinging Strike 2-2: Strikes out swinging
|
Batting: RHB Carlos Miranda
|
0-0: Ball 1-0: Called Strike 1-1: Ball 2-1: Ball 3-1: Base on Balls
|
Batting: RHB Luis López
|
0-0: Ball 1-0: Called Strike 1-1: Ball 2-1: Fielders Choice at 2nd, 4-6 (Groundball, 4)
|
Top of the 3rd over - 0 run(s), 1 hit(s), 0 error(s), 1 left on base; Wisconsin Rapids 5 - Lee's Summit 1 |
BOTTOM OF THE 3RD |
Lee's Summit Tigers batting - Pitching for Wisconsin Rapids Rangers : RHP Juan Contreras
|
Batting: RHB César Martínez
|
0-0: Called Strike 0-1: Ground out 6-3 (Groundball, 6)
|
Batting: RHB Jesús Ramos
|
0-0: Called Strike 0-1: Foul Ball, location: 2F 0-2: SINGLE (Line Drive, 6MD)
|
Batting: LHB Darren Holland
|
0-0: Called Strike Jesús Ramos steals 2nd base 0-1: Ball 1-1: Ball Jesús Ramos is caught stealing 3rd base 2-1: Ball 3-1: Foul Ball, location: 2F 3-2: Strikes out swinging
|
Bottom of the 3rd over - 0 run(s), 1 hit(s), 0 error(s), 0 left on base; Wisconsin Rapids 5 - Lee's Summit 1 |
TOP OF THE 4TH |
Wisconsin Rapids Rangers batting - Pitching for Lee's Summit Tigers : RHP Josse Teves
|
Batting: LHB Alberto Varela
|
0-0: Ball 1-0: Ball 2-0: Fly out, F2 (Popup, 3S)
|
Batting: LHB Javier Mejía
|
0-0: Foul Ball, location: 2F 0-1: Swinging Strike 0-2: Foul Ball, location: 2F 0-2: Foul Ball, location: 2F 0-2: Foul Ball, location: 2F 0-2: Ball 1-2: Foul Ball, location: 2F 1-2: Ball 2-2: Ball 3-2: Ground out 4-3 (Groundball, 4)
|
Batting: LHB Luis Rodríguez
|
0-0: Called Strike 0-1: Ball 1-1: Ground out 3-1 (Groundball, 34S)
|
Top of the 4th over - 0 run(s), 0 hit(s), 0 error(s), 0 left on base; Wisconsin Rapids 5 - Lee's Summit 1 |
BOTTOM OF THE 4TH |
Lee's Summit Tigers batting - Pitching for Wisconsin Rapids Rangers : RHP Juan Contreras
|
Batting: LHB Milo Powers
|
0-0: Swinging Strike 0-1: Called Strike 0-2: Ball 1-2: Ball 2-2: Strikes out swinging
|
Batting: SHB Juan Glaviz
|
0-0: Foul Ball, location: 2F 0-1: Ground out 4-3 (Groundball, 4MS)
|
Batting: RHB Michael Hall
|
0-0: Ball 1-0: Ground out 6-3 (Groundball, 6)
|
Bottom of the 4th over - 0 run(s), 0 hit(s), 0 error(s), 0 left on base; Wisconsin Rapids 5 - Lee's Summit 1 |
TOP OF THE 5TH |
Wisconsin Rapids Rangers batting - Pitching for Lee's Summit Tigers : RHP Josse Teves
|
Pitching: RHP Héctor Bernard
|
|
Batting: LHB Ronald Gordon
|
0-0: Ball 1-0: Swinging Strike 1-1: Foul Ball, location: 2F 1-2: Ball 2-2: Ball 3-2: Strikes out swinging
|
Batting: SHB Jacob Wilcox
|
0-0: Ball 1-0: Ball 2-0: Ball 3-0: Called Strike 3-1: Foul Ball, location: 2F 3-2: Foul Ball, location: 2F 3-2: Base on Balls
|
Batting: LHB Jean-Sébastien Beaudin
|
0-0: Grounds into double play, 4-6-3 (Groundball, 34)
|
Top of the 5th over - 0 run(s), 0 hit(s), 0 error(s), 0 left on base; Wisconsin Rapids 5 - Lee's Summit 1 |
BOTTOM OF THE 5TH |
Lee's Summit Tigers batting - Pitching for Wisconsin Rapids Rangers : RHP Juan Contreras
|
Pitching: RHP Sixto Domínguez
|
|
Batting: RHB Steven Wright
|
0-0: Ball 1-0: Ball 2-0: Called Strike 2-1: Foul Ball, location: 2F 2-2: Ground out 1-3 (Groundball, P)
|
Batting: RHB Kyle Baylor
|
0-0: Ball 1-0: Foul Ball, location: 2F 1-1: Ball 2-1: Foul Ball, location: 2F 2-2: Ball 3-2: Strikes out swinging
|
Batting: RHB Hubert MacDonald
|
0-0: Ground out 1-3 (Groundball, P)
|
Bottom of the 5th over - 0 run(s), 0 hit(s), 0 error(s), 0 left on base; Wisconsin Rapids 5 - Lee's Summit 1 |
TOP OF THE 6TH |
Wisconsin Rapids Rangers batting - Pitching for Lee's Summit Tigers : RHP Héctor Bernard
|
Batting: LHB Ángelo Lara
|
0-0: Ball 1-0: Foul Ball, location: 2F 1-1: Ball 2-1: Ball 3-1: Foul Ball, location: 2F 3-2: Strikes out swinging
|
Batting: RHB Carlos Miranda
|
0-0: Ball 1-0: Foul Ball, location: 2F 1-1: Swinging Strike 1-2: Strikes out swinging
|
Batting: RHB Luis López
|
0-0: Ball 1-0: Ground out 6-3 (Groundball, 6)
|
Top of the 6th over - 0 run(s), 0 hit(s), 0 error(s), 0 left on base; Wisconsin Rapids 5 - Lee's Summit 1 |
BOTTOM OF THE 6TH |
Lee's Summit Tigers batting - Pitching for Wisconsin Rapids Rangers : RHP Sixto Domínguez
|
Batting: RHB César Martínez
|
0-0: Called Strike 0-1: Called Strike 0-2: Ball 1-2: Fly out, F8 (Flyball, 89D)
|
Batting: RHB Jesús Ramos
|
0-0: Ball 1-0: SINGLE (Flyball, 89S)
|
Batting: LHB Darren Holland
|
0-0: Called Strike Jesús Ramos steals 2nd base 0-1: Ground out 5-3 (Groundball, 56)
|
Batting: LHB Milo Powers
|
0-0: Called Strike 0-1: Ground out 4-3 (Groundball, 4S)
|
Bottom of the 6th over - 0 run(s), 1 hit(s), 0 error(s), 1 left on base; Wisconsin Rapids 5 - Lee's Summit 1 |
TOP OF THE 7TH |
Wisconsin Rapids Rangers batting - Pitching for Lee's Summit Tigers : RHP Héctor Bernard
|
Batting: LHB Alberto Varela
|
0-0: Foul Ball, location: 2F 0-1: SINGLE (Line Drive, 7S)
|
Batting: LHB Javier Mejía
|
0-0: Ball 1-0: Called Strike 1-1: Ball 2-1: Called Strike Alberto Varela steals 2nd base 2-2: Strikes out looking
|
Batting: LHB Luis Rodríguez
|
0-0: Foul Ball, location: 2F 0-1: Ground out 6-3 (Groundball, 6M) Alberto Varela to third
|
Batting: LHB Ronald Gordon
|
0-0: Called Strike 0-1: Ball Wild Pitch! Alberto Varela scores 1-1: Fly out, F7 (Line Drive, 7D)
|
Top of the 7th over - 1 run(s), 1 hit(s), 0 error(s), 0 left on base; Wisconsin Rapids 6 - Lee's Summit 1 |
BOTTOM OF THE 7TH |
Lee's Summit Tigers batting - Pitching for Wisconsin Rapids Rangers : RHP Sixto Domínguez
|
Batting: SHB Juan Glaviz
|
0-0: Called Strike 0-1: Ball 1-1: SINGLE (Line Drive, 4MD)
|
Batting: RHB Michael Hall
|
0-0: Ball 1-0: Called Strike 1-1: Swinging Strike 1-2: Strikes out swinging
|
Batting: RHB Steven Wright
|
0-0: Ball 1-0: Grounds into double play, 6-4-3 (Groundball, 6)
|
Bottom of the 7th over - 0 run(s), 1 hit(s), 0 error(s), 0 left on base; Wisconsin Rapids 6 - Lee's Summit 1 |
TOP OF THE 8TH |
Wisconsin Rapids Rangers batting - Pitching for Lee's Summit Tigers : RHP Héctor Bernard
|
Pitching: LHP Dave McCoy
|
|
Batting: SHB Jacob Wilcox
|
0-0: Reached on error, E3 (Popup, 3D)
|
Batting: LHB Jean-Sébastien Beaudin
|
0-0: Ball 1-0: DOUBLE (Flyball, 89XD) Jacob Wilcox to third
|
Batting: LHB Ángelo Lara
|
0-0: Ground out 6-3 (Groundball, 6) Jacob Wilcox scores Jean-Sébastien Beaudin to third
|
Batting: RHB Carlos Miranda
|
0-0: Foul Ball, location: 2F 0-1: Foul Ball, location: 2F 0-2: Ball 1-2: Ball 2-2: Ball 3-2: Base on Balls
|
Batting: RHB Luis López
|
0-0: Called Strike 0-1: Fly out, F7 (Flyball, 78S) Runner from 3rd tags up, SCORES, no throw
|
Batting: LHB Alberto Varela
|
0-0: Ball 1-0: Foul Ball, location: 2F 1-1: Foul Ball, location: 2F 1-2: SINGLE (Line Drive, 89S) Carlos Miranda to second
|
Batting: LHB Javier Mejía
|
0-0: Called Strike 0-1: Swinging Strike 0-2: Strikes out swinging
|
Top of the 8th over - 2 run(s), 2 hit(s), 1 error(s), 2 left on base; Wisconsin Rapids 8 - Lee's Summit 1 |
BOTTOM OF THE 8TH |
Lee's Summit Tigers batting - Pitching for Wisconsin Rapids Rangers : RHP Sixto Domínguez
|
Batting: RHB Kyle Baylor
|
0-0: Fly out, F8 (Line Drive, 8RM)
|
Batting: RHB Hubert MacDonald
|
0-0: Fly out, F8 (Flyball, 8RS)
|
Batting: RHB César Martínez
|
0-0: Fly out, F7 (Flyball, 7LSF)
|
Bottom of the 8th over - 0 run(s), 0 hit(s), 0 error(s), 0 left on base; Wisconsin Rapids 8 - Lee's Summit 1 |
TOP OF THE 9TH |
Wisconsin Rapids Rangers batting - Pitching for Lee's Summit Tigers : LHP Dave McCoy
|
Batting: LHB Luis Rodríguez
|
0-0: Hit by Pitch
|
Batting: LHB Ronald Gordon
|
0-0: Ball 1-0: Ball 2-0: Reached on error, E1 (Groundball, 13) Luis Rodríguez to second
|
Batting: SHB Jacob Wilcox
|
0-0: Called Strike 0-1: Ball 1-1: SINGLE (Line Drive, 8RS) Luis Rodríguez to third Ronald Gordon to second
|
Batting: LHB Jean-Sébastien Beaudin
|
0-0: Called Strike 0-1: Ball 1-1: Ball 2-1: Ball 3-1: Called Strike 3-2: Base on Balls Luis Rodríguez scores Ronald Gordon to third Jacob Wilcox to second
|
Batting: LHB Ángelo Lara
|
0-0: Fielders Choice at 2nd, 4-6 (Groundball, 4) Ronald Gordon scores Jacob Wilcox to third
|
Pitching: RHP John Brock
|
|
Batting: RHB Carlos Miranda
|
0-0: Ball 1-0: Ball 2-0: Fly out, F8 (Flyball, 8RS)
|
Batting: RHB Luis López
|
0-0: Ball 1-0: Ball 2-0: Ball 3-0: Base on Balls Ángelo Lara to second
|
Batting: LHB Alberto Varela
|
0-0: Called Strike 0-1: Swinging Strike 0-2: Foul Ball, location: 2F 0-2: Ball 1-2: Fly out, F6 (Popup, 56)
|
Top of the 9th over - 2 run(s), 1 hit(s), 1 error(s), 3 left on base; Wisconsin Rapids 10 - Lee's Summit 1 |
BOTTOM OF THE 9TH |
Lee's Summit Tigers batting - Pitching for Wisconsin Rapids Rangers : RHP Sixto Domínguez
|
Batting: RHB Jesús Ramos
|
0-0: Called Strike 0-1: Foul Ball, location: 2F 0-2: Foul Ball, location: 2F 0-2: SINGLE (Line Drive, 7S)
|
Batting: LHB Darren Holland
|
0-0: Ball 1-0: Fly out, F4 (Line Drive, 4)
|
Batting: LHB Milo Powers
|
0-0: Ball 1-0: Ball 2-0: Foul Ball, location: 2F 2-1: Ground out 4-3 (Groundball, 4S) Jesús Ramos to second
|
Batting: SHB Juan Glaviz
|
0-0: Ground out 6-3 (Groundball, 6)
|
Bottom of the 9th over - 0 run(s), 1 hit(s), 0 error(s), 1 left on base; Wisconsin Rapids 10 - Lee's Summit 1 |
|